 Dungeon Crawl Stone Soup version 0.21.0-8-gf18e19db4a (webtiles) character file.

107 MalkierKing the Chopper (level 4, -15/41 HPs)
             Began as a Minotaur Berserker on Jan 18, 2018.
             Was a Believer of Trog.
             Killed by divine providence
             ... invoked by an orc priest
              (16 damage)
             ... on level 3 of the Dungeon.
             The game lasted 00:05:01 (827 turns).

MalkierKing the Chopper (Minotaur Berserker)         Turns: 827, Time: 00:05:01

Health: -15/41     AC: 11    Str: 23    XL:     4   Next: 56%
Magic:  3/3        EV:  9    Int:  4    God:    Trog [**....]
Gold:   86         SH:  0    Dex:  9    Spells: 3/3 levels left

rFire    . . .     SeeInvis +   a - +0 hand axe
rCold    . . .     Gourm    .   (no shield)
rNeg     . . .     Faith    .   r - +0 chain mail
rPois    .         Spirit   .   (helmet restricted)
rElec    .         Reflect  .   f - +0 cloak
rCorr    .         Harm     +   (no gloves)
MR       .....                  e - +0 pair of boots
Stlth    ..........             j - amulet of harm
HPRegen  0.13/turn              l - ring of loudness (curse)
MPRegen  0.08/turn              o - ring of see invisible

@: berserk cooldown, slowed, very slow
A: retaliatory headbutt, horns 2
a: Berserk, Trog's Hand, Burn Spellbooks, Renounce Religion


You were on level 3 of the Dungeon.
You worshipped Trog.
Trog was pleased with you.
You were hungry.

You visited 1 branch of the dungeon, and saw 3 of its levels.

You collected 86 gold pieces.

Inventory:

Hand Weapons
 a - a +0 hand axe (weapon)
Armour
 e - a +0 pair of boots (worn)
 f - a +0 cloak (worn)
 r - a +0 chain mail (worn)
Jewellery
 j - an amulet of harm (around neck)
 l - a cursed ring of loudness (left hand)
 o - a ring of see invisible (right hand)
Wands
 t - a wand of polymorph (18)
Scrolls
 g - a scroll of immolation {unknown}
 k - a scroll of noise {unknown}
 m - a scroll of teleportation {unknown}
 s - a scroll of amnesia {unknown}
Potions
 b - a potion of curing {unknown}
 h - a potion of mutation {unknown}
 i - a potion of lignification {unknown}
 n - a potion of heal wounds {unknown}
 p - a potion of degeneration {unknown}
 q - a potion of invisibility {unknown}
Comestibles
 c - 2 rations
 d - a chunk of flesh


   Skills:
 + Level 4.5 Fighting
 + Level 5.2 Axes
 + Level 3.0 Armour
 + Level 2.8 Dodging


You had 3 spell levels left.
You didn't know any spells.

Dungeon Overview and Level Annotations

Branches:
Dungeon (2/15)

Altars:


Innate Abilities, Weirdness & Mutations

You reflexively headbutt those who attack you in melee.
You have a pair of horns on your head.


Message History

The orc priest hits you but does no damage.
You see here 2 tomahawks.
You bump into the rock wall.
You feel a strong urge to attack something.
You feel less confused.
You are no longer berserk.
You are exhausted.
You feel yourself slow down.
You hit the orc priest.
The orc priest is heavily wounded.
The orc priest hits you with a hand axe.
Your chain mail prevents you from hitting the orc.
The orc hits you with a mace.
Your chain mail prevents you from hitting the orc.
The orc hits you but does no damage.
The orc priest invokes the aid of Beogh against you.
Beogh smites you!
* * * LOW HITPOINT WARNING * * *
The orc priest invokes the aid of Beogh against you.
Beogh smites you!
You die...

### #..
#o# #.#
#o# #o#
##.#.###@#
......)()#
...#######


You could see 2 orc priests and an orc.

Vanquished Creatures
  An orc wizard (D:3)
  2 adders (D:2)
  An ooze (D:2)
  3 dart slugs (D:1)
  3 leopard geckos (D:1)
  An orc (D:3)
  A giant cockroach (D:2)
  7 goblins (D:1)
  6 hobgoblins
  3 jackals (D:1)
  2 quokkas (D:2)
  4 bats
  6 frilled lizards
  A jackal skeleton (D:3)
  3 kobolds
  6 rats
50 creatures vanquished.

Notes
Turn   | Place    | Note
-------+----------+-------------------------------------------
     0 | D:1      | MalkierKing the Minotaur Berserker began the quest for the Orb.
     0 | D:1      | Reached XP level 1. HP: 19/19 MP: 0/0
    89 | D:1      | Reached XP level 2. HP: 24/27 MP: 1/1
   109 | D:1      | Reached skill level 4 in Axes
   188 | D:1      | Reached ** piety under Trog
   321 | D:1      | Reached XP level 3. HP: 29/33 MP: 2/2
   710 | D:2      | Reached XP level 4. HP: 41/41 MP: 3/3
   807 | D:2      | You fall through a shaft!
   821 | D:3      | Reached skill level 5 in Axes
   826 | D:3      | HP: 1/41 [orc priest/divine providence (16)]
   827 | D:3      | Killed from afar by an orc priest

Skill      XL: |  1  2  3  4 |
---------------+-------------+-----
Axes           | 4 5 |  5.2
Fighting       | 4 |  4.5
Armour         | 3 |  3.0
Dodging        | |  2.8

Action                   |  1- 3 |  4- 6 || total
-------------------------+-------+-------++-------
Melee: Hand axe          |    82 |    15 ||    97
       Headbutt          |     8 |     2 ||    10
Invok: Berserk           |       |     1 ||     1
Armor: Animal skin       |     3 |       ||     3
       Ring mail         |    22 |       ||    22
       Chain mail        |    12 |     9 ||    21
Dodge: Dodged            |    53 |     5 ||    58
